AoeStats
← tomischmidd

MegaRandom

505605054Analyzed
2v2 RM · 22d ago on Sep 10, 2026· 38m 24s· 4 players
Game mode
Random Map
Map size
Medium (4 player)
Population
200
Speed
Normal
Resources
Standard
Victory
Conquest
Starting age
Dark Age
Ending age
Imperial Age
RankedLock teamsTeams togetherTeam positionsShared explorationLock speedFull tech treeHidden civsTurbo modeCheats
Victory
Defeat
🇹🇷 Huns · Türkiye
657
+10
🇯🇵 Spanish · Japan
452
+18
🇦🇷 Huns · Argentina
502
-14
🇦🇷 Vietnamese · Argentina
500
-14
Vikingo7256
0:37 Loom
8:34 Feudal Age
9:01 Double-Bit Axe
14:14 Town Watch
15:05 Wheelbarrow
14:15 Horse Collar
tomischmidd
3:10 Loom
10:09 Feudal Age
10:37 Double-Bit Axe
11:44 Wheelbarrow
23:35 Fletching
23:48 Padded Archer Armor
26:51 Castle Age
25:49 Forging
29:54 Bodkin Arrow
34:38 Bow Saw
36:28 Elite Skirmisher
PremixedHail436
0:28 Loom
13:55 Feudal Age
17:49 Arson
18:50 Wheelbarrow
18:01 Town Watch
18:01 Horse Collar
19:48 Stone Mining
19:46 Double-Bit Axe
19:55 Gold Mining
21:15 Man-at-Arms
28:08 Castle Age
30:47 Padded Archer Armor
30:47 Scale Mail Armor
30:58 Forging
30:39 Fletching
30:55 Scale Barding Armor
32:59 Bloodlines
33:58 Bow Saw
34:31 Husbandry
34:23 Gambesons
34:41 Squires
36:33 Masonry
36:45 Ballistics
36:15 Guard Tower
36:23 Murder Holes
37:05 Stone Shaft Mining
37:59 Hand Cart
38:02 Town Patrol
38:49 Heavy Plow
38:18 Elite Skirmisher
Mirza1171
0:32 Loom
15:11 Feudal Age
16:33 Arson
16:27 Man-at-Arms
18:14 Forging
18:05 Scale Mail Armor
20:14 Horse Collar
21:07 Double-Bit Axe
29:53 Castle Age
28:30 Wheelbarrow
27:41 Town Watch
30:44 Bow Saw
30:38 Heavy Plow
32:57 Iron Casting
32:38 Chain Mail Armor
31:47 Long Swordsman
32:34 Gold Mining
32:35 Stone Mining
33:05 Hand Cart
32:51 Town Patrol
34:27 Caravan
35:20 Gold Shaft Mining
35:19 Scale Barding Armor
35:23 Fletching
35:35 Padded Archer Armor
Connection lost

Rejoining the realm…

Still unreachable

The connection could not be restored.

Session expired

The server has moved on; the page needs a fresh start.